 Dungeon Crawl Stone Soup version 0.28-a0-1555-g9ae15a6949 (webtiles) character file.

Game seed: 2055581752678992481

5 psuckher the Conjurer (level 1, -2/14 HPs)
             Began as a Draconian Conjurer on Jan 18, 2022.
             Killed from afar by a dart slug (4 damage)
             ... with a slug dart
             ... on level 1 of the Dungeon.
             The game lasted 00:02:16 (449 turns).

psuckher the Conjurer (Draconian Conjurer)           Turns: 449, Time: 00:02:17

Health: -2/14      AC:  4    Str:  9    XL:     1   Next: 66%
Magic:  1/3        EV: 12    Int: 18    God:
Gold:   24         SH:  0    Dex:  9    Spells: 3/4 levels left

rFire   . . .      SeeInvis .   (no weapon)
rCold   . . .      Faith    .   (no shield)
rNeg    . . .      Spirit   .   (armour unavailable)
rPois   .          Reflect  .   (helmet restricted)
rElec   .          Harm     .   c - scarf {+Inv}
rCorr   .          Rampage  .   (no gloves)
Will    .....                   (no boots)
Stlth   ++........              (no amulet)
HPRegen 0.04/turn               (no ring)
MPRegen 0.08/turn               (no ring)

@: no status effects
A: AC +4, unfitting armour, cold-blooded
a: Evoke Invisibility


You were on level 1 of the Dungeon.
You visited 1 branch of the dungeon, and saw 1 of its levels.

You collected 24 gold pieces.

Inventory:

Armour
 c - a scarf of invisibility (worn)
Scrolls
 a - a scroll of summoning {unknown}
 b - a scroll of vulnerability {unknown}


   Skills:
 + Level 1.7 Dodging
 + Level 1.7 Stealth
 + Level 0.6 Unarmed Combat
 + Level 2.2 Spellcasting
 + Level 4.0 Conjurations


You had 3 spell levels left.
You knew the following spells:

 Your Spells              Type           Power      Damage    Failure   Level
a - Magic Dart            Conj           64%        1d6       3%          1

Your spell library contained the following spells:

 Spells                   Type           Power      Damage    Failure   Level
 Searing Ray              Conj           32%        2d5       4%          2
 Dazzling Flash           Conj/Hex       18%        N/A       24%         3
 Fulminant Prism          Conj/Hex       4%         3d6       61%         4
 Iskenderun's Mystic Bla  Conj/Tloc      9%         2d4       61%         4


Dungeon Overview and Level Annotations

Branches:
Dungeon (1/15)

Altars:


Innate Abilities, Weirdness & Mutations

Your plain brown scales are hard. (AC +4)
You cannot fit into any form of body armour.
You are cold-blooded and may be slowed by cold attacks.


Message History

You open the door.
There is an open door here.
A ball python comes into view.
The ball python hisses angrily.
A kobold comes into view.
It is wielding a +0 vampiric short sword.
Aiming: Magic Dart (safe; 3% risk of failure)
Press: ? - help, Q - select action, (/) - cycle Shift-Dir - straight line, f - ball python
Aim: a ball python (100% to hit)
The magic dart hits the ball python.
The ball python is moderately wounded.
You hit the ball python. You tail-slap the ball python.
You kill the ball python!
The kobold throws a stone.
The stone barely misses you.
You see here a ball python corpse.
A dart slug comes into view.
The kobold throws a stone.
The stone completely misses you.
Aiming: Magic Dart (safe; 3% risk of failure)
Press: ? - help, Q - select action, (/) - cycle Shift-Dir - straight line, f - kobold
Aim: a kobold, wielding a +0 vampiric short sword and quivering stones (100% to hit)
The magic dart hits the kobold.
The kobold is heavily wounded.
The kobold throws a stone.
The stone hits you.
The kobold hits you with a +0 vampiric short sword.
You barely miss the kobold.
The kobold is heavily wounded.
The kobold hits you but does no damage.
You hit the kobold but do no damage.
The kobold is heavily wounded.
The kobold hits you with a +0 vampiric short sword.
The kobold draws strength from your wounds!
You closely miss the kobold.
The kobold hits you with a +0 vampiric short sword.
* * * LOW HITPOINT WARNING * * *
The dart slug closely misses you.
You hit the kobold but do no damage. You tail-slap the kobold.
The kobold is heavily wounded.
The kobold hits you but does no damage. The dart slug launches a dart at you.
The slug dart hits you.
You die...

#.....# .....#
####....#
.......# ##.....#
+......#
..###..K.########
......w@.........
#######.#.......#
#†#.......#
#.........#
##.######.# #.#
.## ##'###..#
#......# #.^....#


You could see a dart slug and a kobold.

Vanquished Creatures
  An endoplasm (D:1)
  3 ball pythons (D:1)
  3 rats (D:1)
7 creatures vanquished.

Notes
Turn   | Place    | Note
-------+----------+-------------------------------------------
     0 | D:1      | psuckher the Draconian Conjurer began the quest for the
                  | Orb.
     0 | D:1      | Reached XP level 1. HP: 14/14 MP: 3/3
   449 | D:1      | Killed from afar by a dart slug

Illustrated notes

Levels and vault maps discovered:
D:1:      kilobyte_arrival_exit_the_forest, layout_basic, minmay_cut_off

Action                   || total
-------------------------++-------
Melee: Unarmed           ||    20
       Tailslap          ||     4
 Cast: Magic Dart        ||     6
Armor: Skin              ||     7
Dodge: Dodged            ||     9

Table legend: (Time is in decaauts)
 A = Elapsed time spent in this place.
 B = Non-inter-level travel time spent in this place.
 C = Inter-level travel time spent in this place.
 D = Time resting spent in this place.
 E = Time spent auto-exploring this place.
 F = Levels seen in this place.
 G = Mean time per level.
                   A        B        C        D        E       F      G
               +--------+--------+--------+--------+--------+-----+--------+
         Total |    452 |    397 |     55 |      0 |      0 |   1 |  452.0 |
       Dungeon |    452 |    397 |     55 |      0 |      0 |   1 |  452.0 |
               +--------+--------+--------+--------+--------+-----+--------+

Top non-repeatable levels by time:
     D:1: 452 daAuts
